 Dungeon Sprint DCSS version 0.32-a0-411-g744942f433 (webtiles) character file.

Game seed: 825240289995733446

29 shadowstone the Vexing (level 3, -1/24 HPs)
             Began as a Coglin Enchanter on Feb 20, 2024.
             Slain by a human (9 damage)
             ... in the Dungeon (Sprint III: "The Ten Rune Challenge").
             The game lasted 00:00:56 (441 turns).

shadowstone the Vexing (Coglin Enchanter)            Turns: 441, Time: 00:00:56

Health: -1/24      AC:  2    Str: 10    XL:     3   Next: 16%
Magic:  6/6        EV: 12    Int: 14    God:
Gold:   15         SH:  0    Dex: 14    Spells: 6/6 levels left

rFire   . . .        a - +1 dagger {Jacinta}
rCold   . . .        (no shield)
rNeg    . . .        b - +0 robe
rPois   .            (no helmet)
rElec   .            (no cloak)
rCorr   .            (no gloves)
SInv    .            (no boots)
Will    .....        (no amulet)
Stlth   +++          (no ring)
HPRegen 0.24/turn    (no ring)
MPRegen 0.10/turn

%: no teleportation
@: immotile, revved
A: off-hand wielding, slow wielding, warmup strikes, legs shutdown
a: no special abilities


You were in the Dungeon.
You visited 1 branch You collected 15 gold pieces.

Inventory:

Hand Weapons
 a - a +1 dagger (weapon) {Jacinta}
Armour
 b - a +0 robe (worn)
Scrolls
 i - a scroll of blinking
Potions
 c - 2 potions of invisibility
 d - a potion of curing
 e - a potion of heal wounds
 f - a potion of haste
 g - 2 potions of magic
 h - a potion of berserk rage


   Skills:
 + Level 0.1 Fighting
 + Level 1.8 Short Blades
 + Level 2.2 Dodging
 + Level 4.0 Stealth
 + Level 2.3 Spellcasting
 + Level 4.2 Hexes


You had 6 spell levels left.
You didn't know any spells.
Your spell library contained the following spells:

 Spells                   Type           Power      Damage    Failure   Level
 Confusing Touch          Hex            13%        N/A       12%         3
 Tukima's Dance           Hex            13%        N/A       12%         3
 Ensorcelled Hibernation  Hex/Ice        14%        N/A       14%         2
 Dazzling Flash           Conj/Hex       14%        N/A       28%         3


Dungeon Overview and Level Annotations

Branches:
Dungeon (1/1)

Altars:


Innate Abilities, Weirdness & Mutations

You can wield a second weapon in your off-hand.
It takes a long time for you to wield or remove held weapons.
Your first few attacks do less damage.
Attacking and casting redirects power from your legs.


Message History

Your Spellcasting skill increases to level 2!
Your Hexes skill gained 2 levels and is now at level 4!
You have reached level 2!
You have reached level 3!
Your experience leads to an increase in your attributes!
Increase (S)trength, (I)ntelligence, or (D)exterity?
You feel stronger. x2
You start resting.
You are no longer unable to travel.
You start resting.
HP restored.
You start waiting.
Done waiting.
You start waiting.
Done waiting.
You start waiting.
Done waiting.
You now have 15 gold pieces (gained 6).
Things that are here:
a +0 club; a +0 robe A human comes into view.
A human is nearby!
A human is nearby!
A scorpion comes into view.
You closely miss the human. The human barely misses you.
You cannot move.
You cannot move.
You hit the human but do no damage. The scorpion closely misses you.
The human hits you.
You hit the human.
The human is lightly wounded.
The scorpion stings you but does no damage.
The human hits you!
You hit the human.
The human is lightly wounded.
The scorpion completely misses you. The human hits you.
You hit the human but do no damage.
The human is lightly wounded.
The scorpion closely misses you. The human hits you!
You die...

▓<..#...####
▓...#......## .#
▓..##...)...# .#
▓##.##.##...# ..#
##.##.###..# ..#
▓#.####.##..# ...+
▓.###†.##..## #...#
▓#.....##..###p...#
###..##...##@....#
##..##....#..s...#
#..###..##.#.....#
#..# #..#####....#
▓▓▓▓ ▓▓▓▓ ▓▓▓▓▓


You could see a human and a scorpion.

Vanquished Creatures
  Jessica (D)
  2 rats (D)
3 creatures vanquished.

Notes
Turn   | Place    | Note
-------+----------+-------------------------------------------
     0 | D        | shadowstone the Coglin Enchanter began the quest for the
                  | Orb.
     0 | D        | Reached XP level 1. HP: 13/13 MP: 3/3
    33 | D        | Noticed Jessica
    40 | D        | Killed Jessica
    41 | D        | Reached skill level 1 in Short Blades
    41 | D        | Reached XP level 2. HP: 4/19 MP: 5/5
    41 | D        | Reached XP level 3. HP: 5/24 MP: 6/6
   435 | D        | Noticed a scorpion
   441 | D        | Slain by a human

Illustrated notes

Levels and vault maps discovered:
D:        dungeon_sprint_mu [sprint_mu_entry_cave, sprint_mu_temple_rooms,
          sprint_mu_d1_spiders, sprint_mu_d2_genie, sprint_mu_d3_branching,
          sprint_mu_orc_legion, sprint_mu_elf_gauntlet, sprint_mu_hive_nellie,
          sprint_mu_lair_fedhas, sprint_mu_vaults_butterflies,
          sprint_mu_slime_circle, sprint_mu_swamp_cave, sprint_mu_shoals_kraken,
          sprint_mu_blade_basic, sprint_mu_crypt_chambers,
          sprint_mu_tomb_spiral, sprint_mu_vestibule_basic,
          sprint_mu_gehenna_hellfire, sprint_mu_dis_giant,
          sprint_mu_tartarus_statrot, sprint_mu_cocytus_islands, sprint_mu_zot1]

Skill      XL: |  1 |
---------------+----+-----
Stealth        | 4 |  4.0
Short Blades   | 1 |  1.8
Dodging        | 2 |  2.2
Spellcasting   | 2 |  2.3
Hexes          | 4 |  4.2
Fighting       | |  0.1

Action                     || total
---------------------------++-------
  Melee: Dagger            ||    16
   Stab: Sleeping          ||     1
 Armour: Robe              ||     9
  Dodge: Dodged            ||     7

Table legend: (Time is in decaauts)
 A = Elapsed time spent in this place.
 B = Non-inter-level travel time spent in this place.
 C = Inter-level travel time spent in this place.
 D = Time resting spent in this place.
 E = Time spent auto-exploring this place.
 F = Levels seen in this place.
 G = Mean time per level.
                   A        B        C        D        E       F      G
               +--------+--------+--------+--------+--------+-----+--------+
         Total |    440 |    440 |      0 |    377 |     34 |   1 |  440.0 |
       Dungeon |    440 |    440 |      0 |    377 |     34 |   1 |  440.0 |
               +--------+--------+--------+--------+--------+-----+--------+

Top non-repeatable levels by time:
       D: 440 daAuts
